 Dungeon Crawl Stone Soup version 0.30-a0-457-g4b7bca3bfa (webtiles) character file.

Game seed: 18186665486030276914

19448 qeuew the Magus (level 12, -2/110 (116) HPs)
             Began as a Hill Orc Fighter on Dec 13, 2022.
             Was an Elder of Nemelex Xobeh.
             Slain by a komodo dragon (20 damage)
             ... on level 3 of the Lair of Beasts.
             The game lasted 00:19:38 (14128 turns).

qeuew the Magus (Hill Orc Fighter)                 Turns: 14128, Time: 00:19:38

HP:   -2/110 (116)  AC: 12    Str: 22    XL:     12   Next: 69%
MP:   20/20         EV: 15    Int:  8    God:    Nemelex Xobeh [****..]
Gold: 680           SH: 15    Dex: 12    Spells: 11/11 levels left

rFire   . . .      SeeInvis +    a - +1 war axe (venom)
rCold   . . .      Faith    .    E - +5 kite shield {reflect}
rNeg    . . .      Spirit   .    b - +1 scale mail
rPois   .          Reflect  +    (no helmet)
rElec   .          Harm     .    w - +2 cloak
rCorr   .          Rampage  .    (no gloves)
Will    .....                    (no boots)
Stlth   ..........               (no amulet)
HPRegen 0.38/turn                z - ring of see invisible
MPRegen 0.17/turn                s - +4 ring of evasion

@: lethally poisoned (-2 -> -11), drained
A: robust 1
a: Renounce Religion, Draw Escape, Draw Destruction, Draw Summoning, Triple
Draw, Deal Four


You were on level 3 of the Lair of Beasts.
You worshipped Nemelex Xobeh.
Nemelex Xobeh was greatly pleased with you.
You visited 3 branches of the dungeon, and saw 14 of its levels.
You also visited: Sewer and Ossuary.

You collected 860 gold pieces.
You spent 180 gold pieces at shops.

Inventory:

Hand Weapons
 a - a +1 war axe of venom (weapon)
Missiles
 B - 2 throwing nets (quivered)
Armour
 b - a +1 scale mail (worn)
 w - a +2 cloak (worn)
 E - a +5 kite shield of reflection (worn)
Jewellery
 h - a ring of flight
 s - a +4 ring of evasion (right hand)
 z - a ring of see invisible (left hand)
Wands
 r - a wand of flame (11)
 t - a wand of charming (18)
 y - a wand of acid (14)
Scrolls
 f - a scroll of brand weapon
 m - 3 scrolls of blinking
 n - 2 scrolls of fog
 o - 7 scrolls of identify
 p - 3 scrolls of enchant weapon
 q - 2 scrolls of silence
 v - 4 scrolls of teleportation
Potions
 c - a potion of resistance
 d - 3 potions of might
 e - 9 potions of curing
 g - 4 potions of brilliance
 i - 4 potions of heal wounds
 j - a potion of haste
 k - a potion of invisibility
 l - a potion of cancellation
 u - 2 potions of magic
 x - a potion of ambrosia
 A - 2 potions of flight


   Skills:
 + Level 10.0 Fighting
 + Level 10.5 Axes
 + Level 9.1 Armour
 + Level 6.4 Dodging
 + Level 9.1 Shields
 * Level 11.9 Invocations
 + Level 6.8 Evocations


You had 11 spell levels left.
You didn't know any spells.
Your spell library contained the following spells:

 Spells                   Type           Power      Damage    Failure   Level
 Cigotuvi's Dreadful Rot  Necr/Pois/Air  0%         N/A       98%         2
 Kindle Blastsparks       Fire/Tloc/Air  0%         2d10      100%        3
 Dispel Undead            Necr           0%         3d6       100%        4
 Fulminant Prism          Conj/Hex       0%         3d5       100%        4
 Iskenderun's Mystic Bla  Conj/Tloc      0%         2d3       100%        4
 Lee's Rapid Deconstruct  Erth           0%         3d4*      100%        5
 Death Channel            Necr           0%         N/A       100%        6


Dungeon Overview and Level Annotations

Branches:
Dungeon (10/15)            Temple (1/1) D:4            Lair (3/5) D:10
  Swamp (0/4) Lair:2       Spider (0/4) Lair:2        Sewer (visited)
Ossuary (visited)
    Orc: D:9-12

Altars:
Ashenzari
Cheibriados
Dithmenos
Elyvilon
Fedhas
Gozag
Hepliaklqana
Kikubaaqudgha
Makhleb
Nemelex Xobeh
Okawaru
Qazlal
Ru
Sif Muna
Trog
Uskayaw
Vehumet
Wu Jian
Xom
Yredelemnul
Zin
The Shining One

Shops:
D:6 =   D:7 !*?   D:8 *

Annotations:
D:9 exclusion: obsidian statue


Innate Abilities, Weirdness & Mutations

You are robust. (+10% HP)


Message History

You closely miss the komodo dragon.
You hit the komodo dragon but do no damage.
The komodo dragon looks as sick as possible!
You barely miss the lindwurm.
You feel very sick.
You block the komodo dragon's attack. x2; The lindwurm misses you. x2
The lindwurm claws you but does no damage.
The cane toad misses you.
You barely miss the cane toad.
The cane toad is heavily wounded.
You barely miss the komodo dragon. x2; You hit the lindwurm.
The lindwurm looks as sick as possible!
You feel very sick. You block the komodo dragon's attack.
You block the lindwurm's attack. The lindwurm misses you.
The lindwurm barely misses you. The komodo dragon bites you!!
You block the cane toad's attack.
You are too injured to fight recklessly!
Unknown command.
You are too injured to fight recklessly!
Unknown command.
You are too injured to fight recklessly!
You hit the lindwurm.
The lindwurm looks as sick as possible!
The lindwurm is heavily wounded.
You barely miss the komodo dragon. You slash the cane toad!
You slash the komodo dragon!
The komodo dragon looks as sick as possible!
You feel very sick. You block the komodo dragon's attack.
The cane toad barely misses you. The komodo dragon closely misses you.
The lindwurm bites you.
* * * LOW HITPOINT WARNING * * *
You block the lindwurm's attack. The lindwurm barely misses you.
The lindwurm bites you.
* * * LOW HITPOINT WARNING * * *
The lindwurm claws you.
* * * LOW HITPOINT WARNING * * *
The lindwurm claws you but does no damage.
The komodo dragon barely misses you. The cane toad misses you.
The komodo dragon bites you!!
You die...
Your body disappears without a glow.

##
##########.#####
.........F......
#.l@k......
#..l..#.#..
#....<...#
#............
..<.......#..^
.............$.
.......#.#.$....
.........######


You could see a lindwurm (extremely poisoned), 2 komodo dragons and a cane toad.

Vanquished Creatures
  2 hydras (Lair:2)
  Erica (D:8)
  3 black mambas
  4 cane toads
  An unseen horror (D:10)
  A rime drake (Lair:2)
  A komodo dragon (Lair:1)
  2 ice devils (Lair:2)
  3 blink frogs (Lair:1)
  A tyrant leech (Lair:2)
  A hornet (D:9)
  Sigmund (D:3)
  2 shadows (D:10)
  5 culicivoras (Lair:2)
  26 yaks
  A wyvern (Lair:1)
  Eustachio (D:4)
  2 vampires (D:10)
  6 vampire mosquitoes (D:10)
  Edmund (D:4)
  A steam dragon (D:8)
  2 swamp worms (Lair:2)
  7 water moccasins
  An acid dragon (D:10)
  2 orc warriors
  3 ice beasts
  2 ogres (D:10)
  5 wolves (Lair:1)
  An elf zombie (Ossuary)
  3 kobold brigands
  4 bullfrogs
  3 necrophages
  4 scorpions
  5 killer bees (D:8)
  7 howler monkeys
  An electric eel (Lair:1)
  6 centaur zombies (Ossuary)
  A human zombie (Ossuary)
  4 orc priests
  3 hounds
  9 jellies
  2 iguanas
  Natasha (twice) (D:2)
  13 orc wizards
  7 hell rats
  2 mummies (Ossuary)
  Robin (D:4)
  4 gnolls (D:3)
  12 adders
  15 river rats
  3 white imps
  2 ufetubi (D:5)
  2 adder zombies (Ossuary)
  4 worms
  5 dart slugs
  33 orcs
  8 endoplasms
  3 giant cockroaches (D:3)
  12 hobgoblins
  7 jackals
  2 quokkas
  9 ball pythons
  6 bats
  3 frilled lizards
  14 goblins
  A goblin zombie (Ossuary)
  16 hobgoblin zombies (Ossuary)
  21 kobolds
  6 kobold zombies (Ossuary)
  4 orc zombies (Ossuary)
  7 rats
365 creatures vanquished.

Vanquished Creatures (collateral kills)
  Lodul (D:10)
  A tyrant leech (Lair:2)
  A swamp worm (Lair:2)
  6 ogres (D:10)
  An orc priest (D:10)
  2 orc wizards (D:10)
12 creatures vanquished.

Vanquished Creatures (others)
  11 fungi
  16 plants
27 creatures vanquished.

Grand Total: 404 creatures vanquished

Notes
Turn   | Place    | Note
-------+----------+-------------------------------------------
     0 | D:1      | qeuew the Hill Orc Fighter began the quest for the Orb.
     0 | D:1      | Reached XP level 1. HP: 19/19 MP: 1/1
    72 | D:1      | Reached XP level 2. HP: 27/27 MP: 2/2
   951 | D:2      | Reached XP level 3. HP: 33/33 MP: 3/3
  1000 | D:2      | Reached skill level 1 in Dodging
  1222 | D:2      | Noticed Natasha
  1227 | D:2      | Killed Natasha
  1228 | D:2      | Reached XP level 4. HP: 35/40 MP: 4/4
  1291 | D:2      | Identified the +1 whip "Axzer" {freeze, rCorr}
  1306 | D:2      | Noticed Natasha
  1313 | D:2      | Killed Natasha
  1555 | D:3      | Reached XP level 5. HP: 43/47 MP: 5/5
  1636 | D:3      | Noticed Sigmund
  1658 | D:3      | Killed Sigmund
  1659 | D:3      | Reached XP level 6. HP: 18/55 MP: 0/6
  1774 | D:3      | Reached skill level 5 in Fighting
  1891 | D:3      | Found a glowing drain.
  1895 | Sewer    | Entered a sewer
  2055 | Sewer    | Reached XP level 7. HP: 61/61 MP: 7/7
  2131 | Sewer    | Reached skill level 5 in Axes
  2433 | D:3      | Identified the +0 kite shield "Zefiebet" {Str+5}
  2548 | D:3      | Reached skill level 5 in Armour
  2548 | D:3      | Reached skill level 5 in Shields
  2888 | D:3      | Gained mutation: You are robust. (+10% HP) [potion of
                  | mutation]
  3081 | D:4      | Noticed Robin
  3098 | D:4      | Killed Robin
  3231 | D:4      | Noticed Eustachio
  3231 | D:4      | Noticed Edmund
  3254 | D:4      | Killed Edmund
  3255 | D:4      | Reached skill level 1 in Evocations
  3255 | D:4      | Killed Eustachio
  3256 | D:4      | Reached XP level 8. HP: 51/77 MP: 8/8
  3340 | D:4      | Found a sand-covered staircase.
  3345 | Ossuary  | Entered an ossuary
  3708 | D:4      | Found a staircase to the Ecumenical Temple.
  3783 | D:4      | Found a faded altar of an unknown god.
  3838 | Temple   | Entered the Ecumenical Temple
  3916 | Temple   | Became a worshipper of Nemelex Xobeh the Trickster
  4049 | D:4      | Found a hazy altar of Hepliaklqana.
  4051 | D:4      | Found a faded altar of an unknown god.
  4076 | D:5      | Entered Level 5 of the Dungeon
  4146 | D:5      | Reached skill level 1 in Invocations
  4334 | D:5      | Reached skill level 2 in Invocations
  4642 | D:5      | Reached XP level 9. HP: 81/85 MP: 10/10
  4671 | D:5      | Reached * piety under Nemelex Xobeh
  5299 | D:5      | Reached skill level 3 in Invocations
  5420 | D:6      | Received a gift from Nemelex Xobeh
  5426 | D:6      | Found a hide-covered altar of Uskayaw.
  5519 | D:6      | Found Faitaqo's Jewellery Emporium.
  5727 | D:6      | Reached skill level 4 in Invocations
  6049 | D:7      | Found Kuilid's Assorted Antiques.
  6063 | D:7      | Bought a spiked scale mail for 180 gold pieces
  6063 | D:7      | Identified the +0 scale mail "Hero's Friend" {+Blink} (You
                  | bought it in a shop on level 7 of the Dungeon)
  6067 | D:7      | Identified the +3 trident "Lifebane" {vamp, rF- rC+ rCorr}
  6117 | D:7      | Found Rujeng's Distillery.
  6224 | D:7      | Reached ** piety under Nemelex Xobeh
  6280 | D:7      | Found Netoko's Magic Scroll Shop.
  6506 | D:7      | Found an iron altar of Okawaru.
  6506 | D:7      | Found an ornate altar of the Wu Jian Council.
  6598 | D:7      | Reached skill level 5 in Invocations
  6797 | D:8      | Received a gift from Nemelex Xobeh
  6808 | D:8      | Noticed Erica
  6824 | D:8      | HP: 4/86 [poisoned by Erica (bolt of poison)]
  6829 | D:8      | Killed Erica
  6830 | D:8      | Reached skill level 6 in Invocations
  6830 | D:8      | Reached XP level 10. HP: 25/94 MP: 12/14
  7168 | D:8      | Found Qaalix's Assorted Antiques.
  7389 | D:8      | Found a bloodstained altar of Trog.
  7629 | D:8      | Found a sacrificial altar of Ru.
  8136 | D:9      | Reached skill level 7 in Invocations
  8398 | D:9      | Reached *** piety under Nemelex Xobeh
  8620 | D:9      | Noticed an obsidian statue
  8648 | D:10     | Entered Level 10 of the Dungeon
  8723 | D:10     | Noticed Lodul
  8734 | D:10     | Identified the -1 hand axe of Purpose {vorpal, *Rage Str+6}
  8740 | D:10     | Reached skill level 5 in Dodging
  8745 | D:10     | Killed Lodul
  8746 | D:10     | Reached skill level 8 in Invocations
  8746 | D:10     | Reached skill level 5 in Evocations
  8994 | D:10     | Noticed an unseen horror
  9005 | D:10     | Killed an unseen horror
  9006 | D:10     | Reached XP level 11. HP: 104/104 MP: 17/17
  9034 | D:10     | Received a gift from Nemelex Xobeh
  9365 | D:10     | Reached skill level 9 in Invocations
  9535 | D:10     | Found a staircase to the Lair.
  9578 | D:10     | Found a glowing golden altar of the Shining One.
  9648 | D:10     | Found the +8 Vampire's Tooth {vamp}
 10108 | Lair:1   | Entered Level 1 of the Lair of Beasts
 10482 | Lair:1   | Reached skill level 10 in Invocations
 11288 | Lair:1   | Reached **** piety under Nemelex Xobeh
 11308 | Lair:1   | Reached XP level 12. HP: 94/114 MP: 19/19
 11557 | Lair:1   | Received a gift from Nemelex Xobeh
 12166 | Lair:2   | Reached skill level 10 in Axes
 12174 | Lair:2   | Reached skill level 11 in Invocations
 12669 | Lair:2   | Found a hole to the Spider Nest.
 12760 | Lair:2   | Received a gift from Nemelex Xobeh
 12776 | Lair:2   | Noticed a four-headed hydra
 12776 | Lair:2   | Noticed a six-headed hydra
 12780 | Lair:2   | Killed a four-headed hydra
 12785 | Lair:2   | Killed a six-headed hydra
 13301 | Lair:2   | Found a staircase to the Swamp.
 13767 | Lair:2   | Reached skill level 10 in Fighting
 14119 | Lair:2   | You fall into a shaft and drop 1 floor!
 14128 | Lair:3   | Slain by a komodo dragon

Illustrated notes

Levels and vault maps discovered:
D:1:      psy_arrival_conway, layout_basic
D:2:      layout_basic, kennysheep_pointless_box, uniq_natasha
D:3:      layout_loops_ring, gup_sewer_entry_spiral, uniq_sigmund
D:4:      layout_rooms, nicolae_hepliaklqana_ecumenical_no_more,
          minmay_temple_entry_enclosed_plants,
          nicolae_ossuary_entry_false_entrances, uniq_eustachio, uniq_robin,
          uniq_edmund
D:5:      layout_gridville
D:6:      layout_loops_cross, nicolae_uskayaw_dance_studio,
          minmay_shop_enchanted_jewellery
D:7:      layout_loops_ring, gammafunk_temple_overflow_wave, serial_shops, shop,
          nicolae_take_the_stairs, shop
D:8:      layout_basic, nicolae_ru_awakened_eye, bloody_trog, serial_shops,
          nicolae_stop_n_shop_1, uniq_erica
D:9:      layout_cave_pools, minmay_statue_bubble
D:10:     layout_irregular_city, tso_oasis_becter, lair_entry_dummy,
          minmay_guarded_unrand_vampires_tooth, uniq_lodul
Temple:   nicolae_temple_superstar
Lair:1:   layout_layer_cave, kennysheep_rathole, grunt_megastairs_5,
          serial_bayou_shore_a
Lair:2:   layout_cave_pods, palyth_hydra_swamp_entry,
          hellmonk_spider_entry_life_and_decay, portal_ice_cave_demonic_guard,
          minmay_stone_trees_small
Lair:3:   layout_loops_ring, wad_woods_road_04, uniq_rupert, uniq_gastronok

Skill      XL: |  1  2  3  4  5  6  7  8  9 10 11 12 |
---------------+-------------------------------------+-----
Axes           | 3 4 5 6 7 8 9 10 | 10.5
Fighting       | 4 5 6 7 8 9 10 | 10.0
Dodging        | 1 2 3 4 5 6 |  6.4
Armour         | 4 5 6 7 8 9 |  9.1
Shields        | 4 5 6 7 8 9 |  9.1
Evocations     | 1 2 4 5 6 |  6.8
Invocations    | 2 6 8 10 11 | 11.9

Action                   |  1- 3 |  4- 6 |  7- 9 | 10-12 || total
-------------------------+-------+-------+-------+-------++-------
Melee: War axe           |   109 |   132 |   430 |   474 ||  1145
Invok: Draw Destruction  |       |       |     1 |    21 ||    22
       Draw Summoning    |       |       |       |     6 ||     6
  Use: Scroll            |     4 |     2 |    16 |     3 ||    25
       Potion            |     4 |       |     7 |     2 ||    13
Armor: Scale mail        |    47 |    53 |   172 |   126 ||   398
Dodge: Dodged            |    55 |    62 |   292 |   292 ||   701
Block: Buckler           |    30 |    24 |    84 |       ||   138
       Kite shield       |       |       |    45 |   493 ||   538
       Reflection        |       |       |     1 |     1 ||     2

Table legend: (Time is in decaauts)
 A = Elapsed time spent in this place.
 B = Non-inter-level travel time spent in this place.
 C = Inter-level travel time spent in this place.
 D = Time resting spent in this place.
 E = Time spent auto-exploring this place.
 F = Levels seen in this place.
 G = Mean time per level.
                   A        B        C        D        E       F      G
               +--------+--------+--------+--------+--------+-----+--------+
         Total |  14411 |  13974 |    437 |    255 |  10978 |  16 |  900.7 |
       Dungeon |   9605 |   9199 |    406 |    255 |   7093 |  10 |  960.5 |
        Temple |     92 |     81 |     11 |      0 |     61 |   1 |   92.0 |
          Lair |   4082 |   4064 |     18 |      0 |   3563 |   3 | 1360.7 |
         Sewer |    343 |    343 |      0 |      0 |    160 |   1 |  343.0 |
       Ossuary |    287 |    287 |      0 |      0 |    101 |   1 |  287.0 |
               +--------+--------+--------+--------+--------+-----+--------+

Top non-repeatable levels by time:
  Lair:1: 2092 daAuts
  Lair:2: 1980 daAuts
    D:10: 1477 daAuts
     D:5: 1267 daAuts
     D:8: 1266 daAuts
     D:3: 1090 daAuts
     D:1: 968 daAuts
     D:4: 802 daAuts
     D:7: 771 daAuts
     D:6: 685 daAuts
     D:9: 645 daAuts
     D:2: 628 daAuts
   Sewer: 343 daAuts
 Ossuary: 287 daAuts
  Temple: 92 daAuts
